 Dungeon Crawl Stone Soup version 0.23.1-41-g7e51ed32d8 (webtiles) character file.

Game seed: 2278689108800285323

14392 Oninnaise the Fighter (level 11, -7/82 HPs)
             Began as a Demonspawn Fighter on Mar 29, 2019.
             Mangled by a white draconian
             ... wielding a +1 battleaxe of freezing
              (18 damage)
             ... in an ice cave on Mar 30, 2019.
             The game lasted 00:26:04 (11566 turns).

Oninnaise the Fighter (Demonspawn Fighter)         Turns: 11566, Time: 00:26:05

Health: -7/82      AC: 34    Str: 19    XL:     11   Next: 88%
Magic:  11/11      EV:  8    Int:  7    God:
Gold:   536        SH: 11    Dex: 14    Spells: 10/10 levels left

rFire    x . .     SeeInvis .   i - +5 eveningstar (protect)
rCold    + . .     Gourm    .   c - +0 shield
rNeg     . . .     Faith    .   m - +1 plate armour
rPois    .         Spirit   .   (helmet restricted)
rElec    .         Reflect  .   (no cloak)
rCorr    .         Harm     .   (no gloves)
MR       .....                  (boots unavailable)
Stlth    ..........             (no amulet)
HPRegen  0.23/turn              k - ring of ice
MPRegen  0.12/turn              o - ring of wizardry

@: sanguine armour, protection aura
A: beak, talons 3, dopey 1, frail 1, powered by death 1, sanguine armour 3
a: no special abilities


You were in an ice cave.
You were hungry.

You visited 2 branches of the dungeon, and saw 9 of its levels.
You also visited: Ice Cave.

You collected 536 gold pieces.

Inventory:

Hand Weapons
 i - a +5 eveningstar of protection (weapon)
Armour
 c - a +0 shield (worn)
 m - a +1 plate armour (worn)
 n - a +2 pair of boots of stealth
Jewellery
 k - a ring of ice (left hand)
 o - a ring of wizardry (right hand)
Wands
 h - a wand of iceblast (11)
 r - a wand of acid (3)
 s - a wand of paralysis (2)
 u - a wand of clouds (5)
Scrolls
 b - 2 scrolls of remove curse
 d - 4 scrolls of identify
 e - 4 scrolls of immolation
 j - a scroll of blinking
 q - a scroll of fog
Potions
 a - 2 potions of brilliance
 l - a potion of magic
Comestibles
 f - 20 rations


   Skills:
 * Level 10.8 Fighting
 + Level 7.0 Maces & Flails
 * Level 10.0 Armour
 + Level 6.6 Dodging
 + Level 7.3 Shields


You had 10 spell levels left.
You didn't know any spells.
Your spell library contained the following spells:

 Spells                   Type           Power        Failure   Level  Hunger
 Animate Skeleton         Necr           N/A          100%        1    ##.....
 Apportation              Tloc           #.....       100%        1    ##.....
 Confusing Touch          Hex            #.....       100%        1    ##.....
 Summon Small Mammal      Summ           #...         100%        1    ##.....


Dungeon Overview and Level Annotations

Branches:
Dungeon (8/15)             Temple (0/1) D:6            Lair (1/6) D:8

Altars:
Cheibriados
Dithmenos
Elyvilon
Makhleb
Qazlal
Wu Jian
Zin
Beogh


Innate Abilities, Weirdness & Mutations

You have claws for feet.
You regenerate a little health from kills.
When seriously injured, your bleeding wounds create very thick armour. (AC +12)
You have a beak for a mouth.
You are dopey. (Int -2)
You are frail. (-10% HP)


Message History

The white draconian is severely wounded.
The white draconian breathes frost at you.
The chilling blast hits you! You resist.
You closely miss the white draconian.
The white draconian is severely wounded.
You block the white draconian's attack.
Unknown command.
You puncture the white draconian! You claw the white draconian.
You peck the white draconian.
The white draconian is almost dead.
You block the white draconian's attack.
You hit the white draconian. Your kick misses the white draconian.
The white draconian is almost dead.
The white draconian breathes frost at you.
The chilling blast hits you!! You resist.
* * * LOW HITPOINT WARNING * * *
You closely miss the white draconian. Your peck misses the white draconian.
The white draconian is almost dead.
The white draconian hits you with a +1 battleaxe of freezing!!
You die...

....#.≈######......## ##......##
...#.##≈≈##..##.....####..###...#
##.#####≈≈≈######....#...###..⌠..
≈### ##≈≈≈#≈ ###....### ##...#
### #≈≈≈≈≈≈≈##..####### #..###
..### #≈≈≈≈≈≈≈##.#[####..####..#
##.†###≈≈≈≈≈≈≈≈≈≈####..##.#≈.###
.###..#≈≈≈≈≈≈≈≈####..#####.###
.##...##≈≈≈≈≈≈#.@..### ###
#####..##≈≈≈###d####
####≈≈≈##..## ≈ ##..### ##...#
##.d..# #.....# ...... .....


You could see a white draconian.

Vanquished Creatures
  Harold (D:7)
  A two-headed ogre (D:8)
  3 death yaks
  Pikel (D:7)
  The ghost of Tutankhamun the Charmwright, a novice GnSk of Cheibriados (D:5)
  A rime drake (IceCv)
  A komodo dragon (Lair:1)
  9 polar bears (IceCv)
  4 blink frogs (Lair:1)
  18 yaks (IceCv)
  3 porcupines
  3 slaves (D:7)
  6 orc warriors
  2 black bears (D:6)
  2 ogres
  2 phantoms (D:4)
  2 centaurs (D:7)
  15 wolves
  2 crocodiles (Lair:1)
  A bullfrog (Lair:1)
  3 scorpions
  8 killer bees (D:7)
  2 howler monkeys (D:6)
  2 crimson imps
  4 hounds
  2 quasits (D:8)
  4 orc priests
  2 centaur zombies
  2 jellies
  Crazy Yiuf (D:7)
  A centaur skeleton (D:4)
  8 orc wizards
  Natasha (thrice) (D:2)
  4 iguanas
  A hell rat (D:8)
  7 worker ants
  A hound zombie (D:5)
  Robin (D:2)
  8 gnolls
  6 adders
  A shadow imp (D:5)
  An adder zombie (D:5)
  An adder skeleton (D:5)
  2 worms
  5 dart slugs
  2 leopard geckos
  40 orcs
  2 giant cockroaches (D:1)
  10 goblins
  6 hobgoblins
  9 jackals
  6 kobolds
  2 quokkas
  A ball python (D:3)
  A bat (D:3)
  6 frilled lizards
  A giant cockroach zombie (D:5)
  A jackal skeleton (D:8)
  A leopard gecko skeleton (D:5)
  A quokka skeleton (D:4)
  6 rats
  A fungus (Lair:1)
254 creatures vanquished.

Vanquished Creatures (others)
  3 polar bears (IceCv)
  A yak (IceCv)
  6 wolves (IceCv)
  A killer bee (D:7)
  An orc wizard (D:7)
  3 orcs (D:7)
  A plant (Lair:1)
16 creatures vanquished.

Grand Total: 270 creatures vanquished

Notes
Turn   | Place    | Note
-------+----------+-------------------------------------------
     0 | D:1      | Oninnaise the Demonspawn Fighter began the quest for the
                  | Orb.
     0 | D:1      | Reached XP level 1. HP: 18/18 MP: 1/1
   172 | D:1      | Gained mutation: When seriously injured, your bleeding
                  | wounds create armour. (AC +12) [demonic ancestry]
   172 | D:1      | Reached XP level 2. HP: 12/24 MP: 2/2
   591 | D:1      | Gained mutation: When seriously injured, your bleeding
                  | wounds create thick armour. (AC +12) [demonic ancestry]
   591 | D:1      | Reached XP level 3. HP: 25/29 MP: 3/3
   754 | D:2      | Noticed Natasha
   766 | D:2      | Killed Natasha
   984 | D:2      | Noticed Natasha
   994 | D:2      | Killed Natasha
   994 | D:2      | Reached skill level 1 in Dodging
   994 | D:2      | Gained mutation: When seriously injured, your bleeding
                  | wounds create very thick armour. (AC +12) [demonic
                  | ancestry]
   994 | D:2      | Reached XP level 4. HP: 25/37 MP: 4/4
  1192 | D:2      | Noticed Robin
  1211 | D:2      | Gained mutation: You are dopey. (Int -2) [potion of
                  | mutation]
  1211 | D:2      | Gained mutation: You are frail. (-10% HP) [potion of
                  | mutation]
  1211 | D:2      | Gained mutation: You have a beak for a mouth. [potion of
                  | mutation]
  1234 | D:2      | Killed Robin
  1252 | D:2      | Found a white marble altar of Elyvilon.
  1497 | D:2      | Noticed Natasha
  1503 | D:2      | Killed Natasha
  1590 | D:2      | Gained mutation: You have sharp toenails. [demonic
                  | ancestry]
  1590 | D:2      | Reached XP level 5. HP: 17/37 MP: 5/5
  1939 | D:2      | Found a stormy altar of Qazlal.
  2992 | D:4      | Reached XP level 6. HP: 30/44 MP: 6/6
  3917 | D:4      | Reached skill level 5 in Fighting
  3917 | D:4      | Gained mutation: You regenerate a little health from kills.
                  | [demonic ancestry]
  3917 | D:4      | Reached XP level 7. HP: 48/50 MP: 7/7
  4164 | D:5      | Entered Level 5 of the Dungeon
  4410 | D:5      | Identified a scroll of acquirement
  4482 | D:5      | Reached skill level 5 in Armour
  4889 | D:5      | Found a runed translucent gate.
  4889 | D:5      | Found a runed translucent gate.
  4889 | D:5      | Found a runed translucent gate.
  4892 | D:5      | Noticed Tutankhamun's ghost (novice GnSk)
  4909 | D:5      | Killed Tutankhamun's ghost
  4909 | D:5      | Gained mutation: You have razor-sharp toenails. [demonic
                  | ancestry]
  4909 | D:5      | Reached XP level 8. HP: 49/57 MP: 8/8
  5137 | D:6      | Found a staircase to the Ecumenical Temple.
  5208 | D:6      | Found a snail-covered altar of Cheibriados.
  5393 | D:6      | Found a shadowy altar of Dithmenos.
  5509 | D:6      | Found a burning altar of Makhleb.
  5955 | D:7      | Noticed Harold
  5969 | D:7      | Gained mutation: You have claws for feet. [demonic
                  | ancestry]
  5969 | D:7      | Reached XP level 9. HP: 58/64 MP: 9/9
  5976 | D:7      | Killed Harold
  5976 | D:7      | Reached skill level 5 in Shields
  6220 | D:7      | Noticed Pikel
  6240 | D:7      | Killed Pikel
  6290 | D:7      | Found an ornate altar of the Wu Jian Council.
  6405 | D:7      | Reached skill level 5 in Maces & Flails
  6465 | D:7      | Found a runed translucent door.
  6466 | D:7      | Noticed Crazy Yiuf
  6566 | D:7      | Reached XP level 10. HP: 37/72 MP: 10/10
  7321 | D:7      | Killed Crazy Yiuf
  7434 | D:8      | Found a roughly hewn altar of Beogh.
  7607 | D:8      | Noticed a death yak
  7610 | D:8      | Found a staircase to the Lair.
  7610 | D:8      | Noticed a death yak
  7613 | D:8      | Noticed a death yak
  7618 | D:8      | Killed a death yak
  7618 | D:8      | Reached skill level 5 in Dodging
  8418 | D:8      | Found a glowing silver altar of Zin.
  8433 | D:8      | Noticed a two-headed ogre
  8440 | D:8      | Killed a two-headed ogre
  8531 | Lair:1   | Entered Level 1 of the Lair of Beasts
  8928 | Lair:1   | Found a frozen archway.
  8944 | Lair:1   | Reached XP level 11. HP: 65/81 MP: 11/11
  8953 | IceCv    | Entered an ice cave
  9235 | IceCv    | HP: 4/81 [polar bear (3)]
  9244 | IceCv    | HP: 3/81 [something (5)]
  9623 | IceCv    | Reached skill level 10 in Fighting
 11086 | IceCv    | Noticed a death yak
 11086 | IceCv    | Noticed a death yak
 11086 | IceCv    | Noticed a white draconian
 11138 | IceCv    | Killed a death yak
 11144 | IceCv    | Killed a death yak
 11144 | IceCv    | Reached skill level 10 in Armour
 11566 | IceCv    | Mangled by a white draconian

Skill      XL: |  1  2  3  4  5  6  7  8  9 10 11 |
---------------+----------------------------------+-----
Armour         | 3 4 5 6 7 8 10 | 10.0
Maces & Flails | 2 3 4 5 6 7 |  7.0
Dodging        | 1 2 3 4 5 6 |  6.6
Shields        | 3 4 5 6 7 |  7.3
Fighting       | 4 5 6 7 8 9 10 | 10.8

Action                   |  1- 3 |  4- 6 |  7- 9 | 10-12 || total
-------------------------+-------+-------+-------+-------++-------
Melee: Flail             |    90 |   166 |    45 |       ||   301
       Peck              |       |    19 |    52 |   106 ||   177
       Kick              |       |    41 |    33 |   145 ||   219
       Eveningstar       |       |       |   229 |   438 ||   667
  Use: Scroll            |       |    10 |     7 |    11 ||    28
       Potion            |       |     9 |     3 |     4 ||    16
  Eat: Ration            |       |     3 |     3 |     4 ||    10
       Chunk             |       |       |       |     1 ||     1
Armor: Scale mail        |    51 |    31 |       |       ||    82
       Plate armour      |       |    40 |   221 |   347 ||   608
Dodge: Dodged            |    19 |    43 |    57 |   155 ||   274
Block: Shield            |    47 |    88 |   162 |   320 ||   617
